cohdb
Replays
Latest Replays
All Replays
Popular Replays
Top Player Replays
Match Explorer
How It Works
Community
CoH3 Stats
Reddit
Sign in to upload your games and track your stats! →
Sign in with Steam
Match 45243661
Unlisted
Match 45243661
Overview
Messages
Build Orders
End
Royal Engineer Section
Construct Section Command Post
Selects Heavy Armor Battlegroup
Dingo Light Scout Car
Infantry Section
Infantry Section
Selects Rigorous Vehicle Training
Infantry Section
Construct Platoon Command Post
Selects Light Vehicle Withdraw and Refit
Vickers Machine Gun Team
Selects Forward Repair Assembly
Infantry Training
Grenade Package
Humber Armored Car
6-pounder Anti-tank Gun Team
Selects UNKNOWN (202330)
Infantry Section
Construct Company Command Post
Selects Designate Targets
Crusader II Medium Tank
Foot Guards Section
Matilda II Heavy Tank
pagep
7k this year for sure
라쿤킹
앵그리죠
0
0
Comments
sign in to comment!
No comments posted yet!